 Dungeon Crawl Stone Soup version 0.28-a0-697-g47f3eba078 (webtiles) character file.

Game seed: 7285751694976861421

457 siradein the Caller (level 6, 0/36 HPs)
             Began as a Demonspawn Summoner on Oct 23, 2021.
             Was a Follower of Hepliaklqana.
             Killed from afar by a white imp (8 damage)
             ... with a puff of frost
             ... on level 5 of the Dungeon.
             The game lasted 00:09:27 (6333 turns).

siradein the Caller (Demonspawn Summoner)           Turns: 6333, Time: 00:09:28

Health: 0/36       AC:  9    Str:  9    XL:     6   Next: 77%
Magic:  11/12      EV: 11    Int: 18    God:    Hepliaklqana [*.....]
Gold:   234        SH:  4    Dex: 13    Spells: 7/13 levels left

rFire   + . .      SeeInvis .   c - +0 rapier
rCold   . . .      Faith    .   (no shield)
rNeg    . . .      Spirit   .   r - +0 ring mail {Will+}
rPois   .          Reflect  .   a - +0 helmet
rElec   .          Harm     .   (no cloak)
rCorr   .          Rampage  .   (no gloves)
Will    +....                   l - +2 pair of boots
Stlth   +.........              d - amulet of magic regeneration
HPRegen 0.12/turn               b - ring of protection from fire
MPRegen 0.38/turn               k - ring of flight

@: flying
A: reduced essence, condensation shield, weakness stinger 2
a: Renounce Religion, Recall Ancestor, Ancestor Identity


You were on level 5 of the Dungeon.
You worshipped Hepliaklqana.
Hepliaklqana was aware of your devotion.
You visited 1 branch of the dungeon, and saw 7 of its levels.

You collected 234 gold pieces.

Inventory:

Hand Weapons
 c - a +0 rapier (weapon)
Missiles
 e - 20 poisoned darts
Armour
 a - a +0 helmet (worn)
 l - a +2 pair of boots (worn)
 r - a +0 ring mail of willpower (worn)
Jewellery
 b - a ring of protection from fire (left hand)
 d - an amulet of magic regeneration (around neck)
 k - a ring of flight (right hand)
 q - a ring of fire
Wands
 m - a wand of charming (12)
Scrolls
 f - a scroll of brand weapon {unknown}
 i - a scroll of noise {unknown}
 n - 2 scrolls of identify {unknown}
 o - a scroll of acquirement {unknown}
 t - 3 scrolls of vulnerability {unknown}
Potions
 g - a potion of flight {unknown}
 h - a potion of magic {unknown}
 j - 2 potions of attraction {unknown}
 p - 2 potions of curing {unknown}
 s - a potion of heal wounds


   Skills:
 + Level 4.1 Dodging
 - Level 1.7 Stealth
 + Level 4.1 Spellcasting
 + Level 5.7 Summonings


You had 7 spell levels left.
You knew the following spells:

 Your Spells              Type           Power      Damage    Failure   Level
a - Summon Small Mammal   Summ           96%        N/A       3%          1
b - Call Imp              Summ           24%        N/A       6%          2
c - Call Canine Familiar  Summ           24%        N/A       12%         3

Your spell library contained the following spells:

 Spells                   Type           Power      Damage    Failure   Level
 Summon Guardian Golem    Hex/Summ       14%        N/A       36%         3
 Foxfire                  Conj/Fire      12%        2x1d4     38%         1
 Magic Dart               Conj           12%        1d3       38%         1
 Searing Ray              Conj           6%         2d4       52%         2
 Conjure Flame            Conj/Fire      3%         6-21      77%         3
 Dazzling Flash           Conj/Hex       6%         N/A       77%         3
 Inner Flame              Hex/Fire       3%         N/A       77%         3
 Summon Lightning Spire   Summ/Air       14%        N/A       77%         4
 Flame Wave               Conj/Fire      3%         3d3       99%         4
 Fulminant Prism          Conj/Hex       1%         3d6       99%         4
 Agony                    Necr           3%         N/A       100%        5
 Silence                  Hex/Air        1%         N/A       100%        5


Dungeon Overview and Level Annotations

Branches:
Dungeon (7/15)
 Temple: D:4-7

Altars:
Elyvilon
Hepliaklqana
Okawaru
Ru
Uskayaw


Innate Abilities, Weirdness & Mutations

Your life essence is reduced to manifest your ancestor. (-10% HP)
A meltable shield of frost defends you. (SH +4)
You have a tail ending in a sharp stinger.


Message History

You closely miss the white imp.
The white imp is almost dead.
The white imp gestures at you. The puff of frost hits you!
You barely miss the white imp.
The white imp is almost dead.
The white imp completely misses you.
You closely miss the white imp.
The white imp is almost dead.
The white imp hits you. The white imp freezes you.
You are too injured to fight recklessly!
Casting: Call Imp (safe; 6% risk of failure)
Press: ? - help, Q - select action, (/) - cycle Dir - look around, f - activate A beastly little devil appears in a puff of flame.
The white imp gestures at you. The puff of frost hits you.
Your crimson imp blinks!
You hit the white imp but do no damage.
The white imp is almost dead.
You block the white imp's attack.
You hit the white imp.
The white imp is almost dead.
The white imp hits you but does no damage.
The white imp gestures at you. The puff of frost hits you.
* * * LOW HITPOINT WARNING * * *
You barely miss the white imp.
You tail-slap the white imp, but do no damage.
The white imp is almost dead.
The white imp hits you but does no damage.
Casting: Call Imp (safe; 6% risk of failure)
Press: ? - help, Q - select action, (/) - cycle Dir - look around, f - activate A beastly little devil appears in a puff of flame.
Your crimson imp disappears in a puff of smoke!
The white imp gestures at you. The puff of frost hits you.
* * * LOW HITPOINT WARNING * * *
The white imp gestures at you. The puff of frost hits you!
You die...

##
##
#.
.#
.#.
...
#ยง#
#.#
#5#
#.#
#@#
#5#
#.#
#.#
#.#
#..
#.#
#.#


You could see a white imp (ally target) and a friendly crimson imp (summoned).

Vanquished Creatures
  A water moccasin (D:7)
  Jessica (D:3)
  5 adders
  A howler monkey skeleton (D:4)
  An adder skeleton (D:4)
  2 dart slugs
  2 orcs
  5 bats
  4 endoplasms
  A giant cockroach (D:1)
  10 goblins
  6 hobgoblins
  6 jackals
  3 kobolds
  4 quokkas
  5 ball pythons
  5 frilled lizards
  4 rats
66 creatures vanquished.

Vanquished Creatures (collateral kills)
  A centaur (D:4)
  A jelly (D:4)
  Terence (D:3)
  Robin (D:3)
  3 adders
  An orc (D:2)
  An endoplasm (D:2)
  A giant cockroach (D:3)
  4 goblins
  3 hobgoblins
  4 jackals
  A kobold (D:3)
  A quokka (D:1)
  3 rats (D:1)
26 creatures vanquished.

Vanquished Creatures (others)
  2 ancestors (D:4)
  2 plants (D:1)
  4 toadstools (D:3)
8 creatures vanquished.

Grand Total: 100 creatures vanquished

Notes
Turn   | Place    | Note
-------+----------+-------------------------------------------
     0 | D:1      | siradein the Demonspawn Summoner began the quest for the
                  | Orb.
     0 | D:1      | Reached XP level 1. HP: 13/13 MP: 3/3
    50 | D:1      | Found a faded altar of an unknown god.
   884 | D:1      | Discovered your monstrous ancestry.
   884 | D:1      | Gained mutation: You have a small tail. [demonic ancestry]
   884 | D:1      | Reached XP level 2. HP: 19/19 MP: 5/5
   918 | D:1      | Learned a level 2 spell: Call Imp
  1600 | D:1      | Reached XP level 3. HP: 16/24 MP: 3/6
  3058 | D:2      | Gained mutation: A meltable shield of frost defends you.
                  | (SH +4) [demonic ancestry]
  3058 | D:2      | Reached XP level 4. HP: 23/30 MP: 8/8
  3817 | D:3      | Learned a level 3 spell: Call Canine Familiar
  3837 | D:3      | Found a faded altar of an unknown god.
  3838 | D:3      | Noticed Jessica
  3844 | D:3      | Found a hazy altar of Hepliaklqana.
  3845 | D:3      | Killed Jessica
  4015 | D:3      | Became a worshipper of Hepliaklqana the Forgotten
  4367 | D:3      | Noticed Terence
  4391 | D:3      | Killed Terence
  4392 | D:3      | Reached XP level 5. HP: 25/35 MP: 9/9
  4810 | D:3      | Reached * piety under Hepliaklqana
  4822 | D:3      | Reached skill level 5 in Summonings
  4877 | D:3      | Found a sacrificial altar of Ru.
  4931 | D:3      | Found an iron altar of Okawaru.
  5081 | D:4      | Noticed Robin
  5127 | D:3      | HP: 1/31 [poisoned by an adder]
  5351 | D:3      | Killed Robin
  5741 | D:4      | Found a hide-covered altar of Uskayaw.
  5808 | D:4      | Gained mutation: You have a tail ending in a sharp stinger.
                  | [demonic ancestry]
  5808 | D:4      | Reached XP level 6. HP: 23/36 MP: 11/11
  6265 | D:4      | You are sucked into a shaft and drop 3 floors!
  6265 | D:7      | Noticed a water moccasin
  6291 | D:7      | Killed a water moccasin
  6320 | D:5      | Entered Level 5 of the Dungeon
  6333 | D:5      | Killed from afar by a white imp

Illustrated notes

Levels and vault maps discovered:
D:1:      dpeg_arrival_round_c, layout_basic, shapermc_ecumenical_altar_gd
D:2:      layout_loops_ring, minmay_misc_feat_hallway
D:3:      layout_basic, beargit_hepliaklqana_dungeon_heroes,
          amethyst_overflow_temple_binary, hangedman_ru_absence,
          serial_corexii_hall, chequers_hall_statues_wall_a,
          corexii_hall_statues_s, minmay_gold_behind_fungi, patterned_corridor,
          uniq_terence
D:4:      layout_layer_cave, eat_drink_and_be_merry_uskayaw, uniq_robin
D:5:      layout_loops_corners, nicolae_wu_jian_wuxing_cycle,
          kennysheep_mini_moat, serial_shops, nicolae_shop_trees, uniq_menkaure
D:6:      layout_basic, mainiacjoe_overflow_chevrons,
          mainiacjoe_overflow_six_doors_small,
          minmay_temple_entry_drinking_statues, serial_shops,
          nicolae_shop_statue_plus, kennysheep_generic_room_13, uniq_duvessa
D:7:      layout_gridville, minmay_holes, grunt_decor_mini_mirrors,
          corexii_checkpoint_b, uniq_joseph

Skill      XL: |  1  2  3  4  5  6 |
---------------+-------------------+-----
Dodging        | 2 3 4 |  4.1
Spellcasting   | 3 4 |  4.1
Summonings     | 5 |  5.7
Stealth        | |  1.7

Action                   |  1- 3 |  4- 6 || total
-------------------------+-------+-------++-------
Melee: Unarmed           |    12 |       ||    12
       Club              |     5 |       ||     5
       Whip              |     4 |       ||     4
       Rapier            |    95 |   190 ||   285
       Tailslap          |     5 |    17 ||    22
 Cast: Summon Small Mamm |     4 |     1 ||     5
       Call Imp          |     8 |    15 ||    23
       Call Canine Famil |       |     2 ||     2
Invok: Ancestor Identity |       |     2 ||     2
  Use: Potion            |       |     1 ||     1
 Stab: Sleeping          |     4 |     6 ||    10
       Distracted        |     1 |       ||     1
Armor: Robe              |    21 |    33 ||    54
       Leather armour    |       |    36 ||    36
       Ring mail         |       |    31 ||    31
Dodge: Dodged            |   104 |   173 ||   277
Block: Other             |       |    39 ||    39

Table legend: (Time is in decaauts)
 A = Elapsed time spent in this place.
 B = Non-inter-level travel time spent in this place.
 C = Inter-level travel time spent in this place.
 D = Time resting spent in this place.
 E = Time spent auto-exploring this place.
 F = Levels seen in this place.
 G = Mean time per level.
                   A        B        C        D        E       F      G
               +--------+--------+--------+--------+--------+-----+--------+
         Total |   6394 |   6280 |    114 |    320 |   4763 |   7 |  913.4 |
       Dungeon |   6394 |   6280 |    114 |    320 |   4763 |   7 |  913.4 |
               +--------+--------+--------+--------+--------+-----+--------+

Top non-repeatable levels by time:
     D:1: 2373 daAuts
     D:2: 1464 daAuts
     D:3: 1429 daAuts
     D:4: 1057 daAuts
     D:7: 45 daAuts
     D:5: 14 daAuts
     D:6: 9 daAuts
